 Dungeon Crawl Stone Soup version 0.22-a0-322-g60b3cfd (webtiles) character file.

1915 xccam the Fighter (level 9, -1/77 HPs)
             Began as a Gnoll Wanderer on Apr 4, 2018.
             Slain by a sky beast (5 damage)
             ... on level 5 of the Dungeon.
             The game lasted 00:14:20 (5563 turns).

xccam the Fighter (Gnoll Wanderer)                  Turns: 5563, Time: 00:14:21

Health: -1/77      AC: 11    Str: 23    XL:     9   Next: 16%
Magic:  16/16      EV: 10    Int: 17    God:
Gold:   338        SH: 10    Dex: 15    Spells: 17/17 levels left

rFire    . . .     SeeInvis .   r - +0 falchion
rCold    . . .     Gourm    .   n - +0 shield
rNeg     + . .     Faith    .   D - +1 scale mail {rN+}
rPois    .         Spirit   .   m - +0 helmet
rElec    .         Reflect  .   w - +0 cloak
rCorr    .         Harm     .   (no gloves)
MR       .....                  t - +0 pair of boots
Stlth    +.........             (no amulet)
HPRegen  0.22/turn              j - +3 ring of intelligence
MPRegen  0.15/turn              h - ring of flight

@: mighty
A: distributed training, fangs 1, strong nose
a: Evoke Flight


You were on level 5 of the Dungeon.
You were not hungry.

You visited 2 branches of the dungeon, and saw 7 of its levels.

You collected 338 gold pieces.

Inventory:

Hand Weapons
 b - a +0 spear
 e - a +0 dagger of venom
 r - a +0 falchion (weapon)
 s - a +1 scythe of slicing
 x - a +0 morningstar
Missiles
 k - 2 tomahawks (quivered)
Armour
 m - a +0 helmet (worn)
 n - a +0 shield (worn)
 t - a +0 pair of boots (worn)
 w - a +0 cloak (worn)
 D - a +1 scale mail of positive energy (worn)
Jewellery
 h - a ring of flight (right hand)
 j - a +3 ring of intelligence (left hand)
Wands
 q - a wand of paralysis (17)
 z - a wand of flame (25)
Scrolls
 a - 2 scrolls of magic mapping {unknown}
 c - 4 scrolls of teleportation
 i - 6 scrolls of remove curse {unknown}
 l - 4 scrolls of identify {unknown}
 o - a scroll of enchant armour {unknown}
 p - a scroll of noise {unknown}
 u - a scroll of immolation {unknown}
 y - 2 scrolls of amnesia {unknown}
 A - 3 scrolls of blinking {unknown}
 C - a scroll of random uselessness {unknown}
Potions
 d - 3 potions of brilliance {unknown}
 v - a potion of invisibility {unknown}
 E - a potion of might
Comestibles
 f - 14 rations


   Skills:
 + Level 9.4 Fighting
 + Level 3.9 Short Blades
 + Level 3.9 Long Blades
 + Level 3.9 Axes
 + Level 3.9 Maces & Flails
 + Level 3.9 Polearms
 + Level 3.9 Staves
 + Level 3.9 Slings
 + Level 3.9 Bows
 + Level 3.9 Crossbows
 + Level 3.9 Throwing
 + Level 4.7 Armour
 + Level 3.9 Dodging
 + Level 4.6 Stealth
 + Level 4.7 Shields
 + Level 3.9 Unarmed Combat
 + Level 4.9 Spellcasting
 + Level 3.2 Conjurations
 + Level 3.9 Hexes
 + Level 3.2 Charms
 + Level 3.2 Summonings
 + Level 3.2 Necromancy
 + Level 3.2 Translocations
 + Level 3.2 Transmutations
 + Level 3.2 Fire Magic
 + Level 3.9 Ice Magic
 + Level 3.2 Air Magic
 + Level 3.2 Earth Magic
 + Level 3.2 Poison Magic
 + Level 4.3 Invocations
 + Level 3.9 Evocations


You had 17 spell levels left.
You didn't know any spells.

Dungeon Overview and Level Annotations

Branches:
Dungeon (6/15)             Temple (1/1) D:5

Altars:
Ashenzari
Dithmenos
Elyvilon
Fedhas
Hepliaklqana
Makhleb
Nemelex Xobeh
Okawaru
Qazlal
Ru
Sif Muna
Trog
Uskayaw
Vehumet
Wu Jian
Yredelemnul
Zin
The Shining One


Innate Abilities, Weirdness & Mutations

Your experience applies equally to all skills.
You have very sharp teeth.
Your uncanny sense of smell can sniff out nearby items.


Message History

The iguana is heavily wounded.
Something hits you.
* * * LOW HITPOINT WARNING * * *
Something shocks you.
* * * LOW HITPOINT WARNING * * *
You feel better. The iguana bites you!
* * * LOW HITPOINT WARNING * * *
Something hits you but does no damage.
All of the chunks of flesh in your inventory have rotted away.
You slash the iguana!
You kill the iguana!
Something hits you.
* * * LOW HITPOINT WARNING * * *
Something shocks you.
* * * LOW HITPOINT WARNING * * *
Unknown command.
You miss something. Something hits you.
* * * LOW HITPOINT WARNING * * *
Something shocks you.
You die...

#.##..#)............
#.##.............#..
#.....#..........##.
####.###.##........####
#....###.##.......##
#.#.###..##.#######
#.._.....##.#
###.##.[....#
#..#@{...## ####
##.#.)...#####..###
#.........)......###
###.....##[...♣.....
########...♣....##
#........# ###...♣..#
##....## ##..##


There were no monsters in sight!

Vanquished Creatures
  Sigmund (D:2)
  Edmund (D:4)
  Duvessa (D:4)
  A sky beast (D:5)
  Purgy (D:4)
  An ice beast (D:5)
  2 ogres
  2 big kobolds (D:4)
  Dowan (D:4)
  A scorpion (D:3)
  2 howler monkeys (D:5)
  2 centaur zombies (D:5)
  6 orc priests
  Crazy Yiuf (D:3)
  7 orc wizards
  An iguana (D:5)
  3 worker ants
  A hound zombie (D:5)
  Robin (D:4)
  3 adders
  A shadow imp (D:5)
  An ooze (D:2)
  5 worms
  A dart slug (D:1)
  4 leopard geckos
  32 orcs
  3 ball pythons
  6 bats
  5 giant cockroaches
  14 goblins
  9 hobgoblins
  2 jackals (D:5)
  11 kobolds
  A quokka (D:4)
  2 frilled lizards
  2 rats (D:1)
  A fungus (D:3)
139 creatures vanquished.

Notes
Turn   | Place    | Note
-------+----------+-------------------------------------------
     0 | D:1      | xccam the Gnoll Wanderer began the quest for the Orb.
     0 | D:1      | xccam set off with: a +0 spear, a scroll of teleportation, a +0 robe, a ration
     0 | D:1      | Reached XP level 1. HP: 26/26 MP: 4/4
    65 | D:1      | Reached XP level 2. HP: 16/33 MP: 5/5
   620 | D:1      | Reached XP level 3. HP: 38/38 MP: 7/7
   794 | D:2      | Reached skill level 1 in Invocations
  1146 | D:2      | Reached skill level 1 in Short Blades
  1146 | D:2      | Reached skill level 1 in Long Blades
  1146 | D:2      | Reached skill level 1 in Axes
  1146 | D:2      | Reached skill level 1 in Maces & Flails
  1146 | D:2      | Reached skill level 1 in Polearms
  1146 | D:2      | Reached skill level 1 in Staves
  1146 | D:2      | Reached skill level 1 in Slings
  1146 | D:2      | Reached skill level 1 in Bows
  1146 | D:2      | Reached skill level 1 in Crossbows
  1146 | D:2      | Reached skill level 1 in Throwing
  1146 | D:2      | Reached skill level 1 in Dodging
  1146 | D:2      | Reached skill level 1 in Unarmed Combat
  1146 | D:2      | Reached skill level 1 in Evocations
  1182 | D:2      | Reached XP level 4. HP: 39/45 MP: 8/8
  1261 | D:2      | Noticed Sigmund
  1301 | D:2      | Killed Sigmund
  1301 | D:2      | Reached skill level 1 in Conjurations
  1301 | D:2      | Reached skill level 1 in Charms
  1301 | D:2      | Reached skill level 1 in Summonings
  1301 | D:2      | Reached skill level 1 in Necromancy
  1301 | D:2      | Reached skill level 1 in Translocations
  1301 | D:2      | Reached skill level 1 in Transmutations
  1301 | D:2      | Reached skill level 1 in Fire Magic
  1301 | D:2      | Reached skill level 1 in Air Magic
  1301 | D:2      | Reached skill level 1 in Earth Magic
  1301 | D:2      | Reached skill level 1 in Poison Magic
  1301 | D:2      | Reached XP level 5. HP: 34/51 MP: 9/9
  1301 | D:2      | Reached XP level 6. HP: 38/57 MP: 10/10
  1958 | D:3      | Found a glowing silver altar of Zin.
  1958 | D:3      | Noticed an angel
  2185 | D:3      | Reached XP level 7. HP: 58/63 MP: 12/12
  3034 | D:3      | Found a runed door.
  3038 | D:3      | Noticed Crazy Yiuf
  3075 | D:3      | Killed Crazy Yiuf
  3115 | D:4      | Noticed Purgy
  3139 | D:4      | Killed Purgy
  3172 | D:4      | Reached skill level 9 in Fighting
  3213 | D:4      | Noticed Robin
  3254 | D:4      | Killed Robin
  3368 | D:4      | Noticed Edmund
  3399 | D:4      | Killed Edmund
  3399 | D:4      | Reached XP level 8. HP: 60/71 MP: 12/14
  4148 | D:4      | Noticed Duvessa
  4148 | D:4      | Noticed Dowan
  4162 | D:4      | Killed Duvessa
  4182 | D:4      | Killed Dowan
  4277 | D:5      | Entered Level 5 of the Dungeon
  4322 | D:5      | Found an iron altar of Okawaru.
  4408 | D:5      | Found a staircase to the Ecumenical Temple.
  4661 | Temple   | Entered the Ecumenical Temple
  4853 | D:5      | Reached XP level 9. HP: 48/76 MP: 16/16
  5563 | D:5      | Slain by a sky beast

Vault maps used:
D:1:      minmay_arrival_four_houses
D:2:      first_ration, wad_floor_pattern_2, minmay_small_reverse_x,
          uniq_sigmund
D:3:      zin_angel, uniq_crazy_yiuf_cottage
D:4:      cheibrodos_thug_alley, uniq_robin, uniq_duvessa, uniq_edmund,
          uniq_purgy
D:5:      lemuel_crystal_altar, minmay_temple_entry_mist,
          hangedman_decor_lopped, serial_park_tiny_2
D:6:      kiku_gazebo_pond_becter, serial_shops, nicolae_shop_trees,
          minivault_14
Temple:   kb_temple_of_zot

Skill      XL: |  1  2  3  4  5  6  7  8 |
---------------+-------------------------+-----
Hexes          | 2 3 |  3.9
Ice Magic      | 2 3 |  3.9
Invocations    | 1 2 3 4 |  4.3
Short Blades   | 1 2 3 |  3.9
Long Blades    | 1 2 3 |  3.9
Axes           | 1 2 3 |  3.9
Maces & Flails | 1 2 3 |  3.9
Polearms       | 1 2 3 |  3.9
Staves         | 1 2 3 |  3.9
Slings         | 1 2 3 |  3.9
Bows           | 1 2 3 |  3.9
Crossbows      | 1 2 3 |  3.9
Throwing       | 1 2 3 |  3.9
Dodging        | 1 2 3 |  3.9
Unarmed Combat | 1 2 3 |  3.9
Evocations     | 1 2 3 |  3.9
Armour         | 3 4 |  4.7
Shields        | 3 4 |  4.7
Spellcasting   | 3 4 |  4.9
Conjurations   | 1 2 3 |  3.2
Charms         | 1 2 3 |  3.2
Summonings     | 1 2 3 |  3.2
Necromancy     | 1 2 3 |  3.2
Translocations | 1 2 3 |  3.2
Transmutations | 1 2 3 |  3.2
Fire Magic     | 1 2 3 |  3.2
Air Magic      | 1 2 3 |  3.2
Earth Magic    | 1 2 3 |  3.2
Poison Magic   | 1 2 3 |  3.2
Stealth        | 3 4 |  4.6
Fighting       | 9 |  9.4

Action                   |  1- 3 |  4- 6 |  7- 9 || total
-------------------------+-------+-------+-------++-------
Melee: Dagger            |    92 |   108 |    45 ||   245
       Spear             |     5 |       |       ||     5
       Bite              |    12 |    10 |    70 ||    92
       Falchion          |       |       |   366 ||   366
       Morningstar       |       |       |     2 ||     2
Evoke: Wand              |       |       |     2 ||     2
  Use: Potion            |       |     1 |     6 ||     7
 Stab: Sleeping          |     3 |       |       ||     3
       Invisible         |       |       |     1 ||     1
       Paralysed         |       |       |    13 ||    13
  Eat: Chunk             |     1 |     3 |    12 ||    16
Armor: Robe              |     9 |       |       ||     9
       Scale mail        |    17 |    33 |   165 ||   215
       Chain mail        |       |       |    24 ||    24
Dodge: Dodged            |    36 |    26 |   165 ||   227
Block: Shield            |    20 |    40 |   223 ||   283
       Rpst.: Falchion   |       |       |    49 ||    49

Table legend:
 A = Spawn XP
 B = Non-spawn XP
 C = Spawn XP percentage of total XP
 D = Spawn monster count
 E = Non-spawn monster count
 F = Spawn count percentage of total count
 G = Total turns spent on level
                    A         B        C        D         E        F      G
               +---------+---------+-------+---------+---------+-------+---------
         Total |       0 |    2736 |   0.0 |       0 |     138 |   0.0 |  5563
               +---------+---------+-------+---------+---------+-------+---------
           D:1 |       0 |      34 |   0.0 |       0 |      19 |   0.0 |   727
           D:2 |       0 |     292 |   0.0 |       0 |      19 |   0.0 |   786
           D:3 |       0 |     496 |   0.0 |       0 |      29 |   0.0 |  1602
           D:4 |       0 |    1017 |   0.0 |       0 |      37 |   0.0 |  1162
           D:5 |       0 |     891 |   0.0 |       0 |      32 |   0.0 |  1175
           D:6 |       0 |       6 |   0.0 |       0 |       2 |   0.0 |    15
               +---------+---------+-------+---------+---------+-------+---------
